 Dungeon Crawl Stone Soup version 0.17-a0-1632-g0af21bd (webtiles) character file.

131 Tobbichi the Chopper (level 4, -1/40 HPs)
             Began as a Minotaur Fighter on Aug 3, 2015.
             Killed by divine providence
             ... invoked by an orc priest
              (7 damage)
             ... on level 3 of the Dungeon.
             The game lasted 00:03:58 (1603 turns).

Tobbichi the Chopper (Minotaur Fighter)             Turns: 1603, Time: 00:03:58

Health: -1/40      AC:  7    Str: 22    XL:     4   Next: 91%
Magic:  3/3        EV:  7    Int:  5    God:
Gold:   71         SH:  9    Dex:  9    Spells: 0 memorised, 3 levels left

rFire  . . .     SeeInvis +     a - +0 war axe
rCold  . . .     Clarity  .     b - +0 scale mail
rNeg   . . .     SustAt   .     c - +0 shield
rPois  .         Gourm    +     (helmet restricted)
rElec  .         Spirit   .     (no cloak)
rCorr  .         Warding  .     (no gloves)
rMut   .         Stasis   .     (no boots)
MR     .....                    k - amulet of the gourmand
Stlth  ..........               (no ring)
                                i - ring of see invisible

@: not resistant to hostile enchantments, extremely unstealthy
A: retaliatory headbutt, horns 2
a: no special abilities


You were on level 3 of the Dungeon.
You were very full.

You visited 1 branch of the dungeon, and saw 3 of its levels.

You collected 71 gold pieces.

Inventory:

Hand weapons
 a - a +0 war axe (weapon)
Armour
 b - a +0 scale mail (worn)
 c - a +0 shield (worn)
 s - a cursed -2 leather armour
Jewellery
 i - a ring of see invisible (left hand)
 k - an amulet of the gourmand (around neck)
 t - an uncursed amulet of stasis {unknown}
Scrolls
 g - a scroll of recharging {unknown}
 j - a scroll of blinking {unknown}
 m - a scroll of remove curse {unknown}
 n - 2 scrolls of fog {unknown}
 p - a scroll of identify {unknown}
 q - a scroll of teleportation {unknown}
Potions
 d - 2 potions of might
 f - 2 potions of flight {unknown}
 h - a potion of invisibility {unknown}
 l - a potion of brilliance {unknown}
 o - a potion of agility {unknown}
 r - a potion of beneficial mutation {unknown}
Comestibles
 e - a bread ration


   Skills:
 - Level 3.7 Fighting
 + Level 6.0 Axes
 - Level 3.7 Armour
 - Level 0.2 Dodging
 - Level 3.7 Shields


You had 3 spell levels left.
You didn't know any spells.

Dungeon Overview and Level Annotations

Branches:
Dungeon (3/15)

Altars:


Innate Abilities, Weirdness & Mutations

You reflexively headbutt those who attack you in melee.
You have a pair of horns on your head.


Message History

The orc wizard hits you with a dagger.
* * * LOW HITPOINT WARNING * * *
The orc wizard hits you but does no damage.
The orc priest hits you with a hand axe.
* * * LOW HITPOINT WARNING * * *
You closely miss the orc wizard. You headbutt the orc wizard!
You kill the orc wizard!
Your Axes skill increases to level 6!
You hit the orc priest but do no damage.
The orc priest is lightly wounded.
The orc priest barely misses you.
Your shield and scale mail prevent you from hitting the orc priest.
The orc priest is lightly wounded.
You block the orc priest's attack.
Your shield and scale mail prevent you from hitting the orc priest.
You headbutt the orc priest!
The orc priest is severely wounded.
The orc priest invokes the aid of Beogh against you.
Something smites you!
You die...

## #......#.......# #
#.##.###.......#
#.##...##..)†.##
#.###.#.##...## ####
#.###.#.###'#######
...###.)÷)..............
##......)...............
#########.##...........
#....##@#######
######))o# #.....#
#.......# #.......#
#...?...# ##.....##
##...##


You could see an orc priest.

Vanquished Creatures
  3 orc wizards (D:3)
  An adder (D:2)
  An ooze (D:1)
  4 orcs (D:3)
  A ball python (D:2)
  6 hobgoblins
  2 jackals (D:3)
  2 giant cockroaches
  2 giant newts (D:2)
  5 goblins
  7 kobolds
  4 rats
38 creatures vanquished.

Notes
Turn   | Place    | Note
--------------------------------------------------------------
     0 | D:1      | Tobbichi the Minotaur Fighter began the quest for the Orb.
     0 | D:1      | Reached XP level 1. HP: 19/19 MP: 0/0
   183 | D:1      | Reached XP level 2. HP: 27/27 MP: 1/1
  1120 | D:2      | Reached skill level 4 in Axes
  1120 | D:2      | Reached XP level 3. HP: 28/33 MP: 2/2
  1326 | D:3      | Reached skill level 5 in Axes
  1326 | D:3      | Reached XP level 4. HP: 32/40 MP: 3/3
  1601 | D:3      | Reached skill level 6 in Axes
  1603 | D:3      | Killed from afar by an orc priest

Vault maps used:
D:1:      dpeg_arrival_refuge, minmay_misc_feat_nine_boxes
D:3:      kennysheep_six_static_rooms, first_bread, uniq_jessica

Action                   |  1- 3 |  4- 6 || total
-------------------------+-------+-------++-------
Melee: War axe           |    73 |    24 ||    97
  Eat: Chunk             |     4 |     5 ||     9
